 Dungeon Crawl Stone Soup version 0.28.0-45-g0d030f2227 (webtiles) character file.

Game seed: 38610208917713609

114 MisterFreud the Covert (level 4, 0/41 HPs)
             Began as a Gnoll Delver on May 25, 2022.
             Slain by a kobold brigand
             ... wielding a +0 dagger
              (4 damage)
             ... in a sewer.
             The game lasted 00:02:18 (1084 turns).

MisterFreud the Covert (Gnoll Delver)               Turns: 1084, Time: 00:02:19

Health: 0/41       AC:  4    Str: 11    XL:     4   Next: 97%
Magic:  5/5        EV: 13    Int: 11    God:
Gold:   42         SH:  0    Dex: 14    Spells: 5/5 levels left

rFire   . . .      SeeInvis +   a - +0 short sword
rCold   . . .      Faith    .   (no shield)
rNeg    . . .      Spirit   .   b - +0 leather armour
rPois   .          Reflect  .   (no helmet)
rElec   .          Harm     .   i - +0 cloak
rCorr   .          Rampage  .   (no gloves)
Will    .....                   (no boots)
Stlth   ++++......              (no amulet)
HPRegen 0.13/turn               k - ring of see invisible
MPRegen 0.09/turn               (no ring)

@: hasted, very quick
A: fangs 1, strong nose, distributed training
a: no special abilities


You were in a sewer.
You visited 1 branch of the dungeon, and saw 4 of its levels.
You also visited: Sewer.

You collected 42 gold pieces.

Inventory:

Hand Weapons
 a - a +0 short sword (weapon)
Armour
 b - a +0 leather armour (worn)
 i - a +0 cloak (worn)
Jewellery
 k - a ring of see invisible (left hand)
Wands
 g - a wand of digging (3)
Scrolls
 c - a scroll of fog
 d - a scroll of magic mapping
 e - a scroll of fear
 j - a scroll of enchant armour {unknown}
 l - a scroll of teleportation


   Skills:
 + Level 6.6 Fighting
 + Level 4.7 Short Blades
 + Level 1.3 Long Blades
 + Level 1.3 Axes
 + Level 1.3 Maces & Flails
 + Level 1.3 Polearms
 + Level 1.3 Staves
 + Level 1.3 Slings
 + Level 1.3 Bows
 + Level 1.3 Crossbows
 + Level 1.3 Throwing
 + Level 1.3 Armour
 + Level 4.7 Dodging
 + Level 9.6 Stealth
 + Level 1.3 Shields
 + Level 1.3 Unarmed Combat
 + Level 1.3 Spellcasting
 + Level 1.0 Conjurations
 + Level 1.0 Hexes
 + Level 1.0 Summonings
 + Level 1.0 Necromancy
 + Level 1.0 Translocations
 + Level 1.0 Transmutations
 + Level 1.0 Fire Magic
 + Level 1.0 Ice Magic
 + Level 1.0 Air Magic
 + Level 1.0 Earth Magic
 + Level 1.0 Poison Magic
 + Level 1.4 Invocations
 + Level 1.3 Evocations


You had 5 spell levels left.
You didn't know any spells.
Your spell library was empty.

Dungeon Overview and Level Annotations

Branches:
Dungeon (6/15)              Sewer (1/1)
 Temple: D:4-7

Altars:
Qazlal

Annotations:
D:3 Terence


Innate Abilities, Weirdness & Mutations

You have very sharp teeth.
Your uncanny sense of smell can sniff out nearby items.
Your experience applies equally to all skills.


Message History

The kobold brigand is heavily wounded.
The kobold misses you.
You closely miss the kobold brigand.
The kobold brigand is heavily wounded.
The kobold brigand hits you with a +0 dagger.
The kobold barely misses you.
You closely miss the kobold brigand.
The kobold brigand is heavily wounded.
The kobold brigand hits you with a +0 dagger.
The kobold closely misses you.
You closely miss the kobold brigand.
The kobold brigand is heavily wounded.
The kobold brigand hits you with a +0 dagger.
* * * LOW HITPOINT WARNING * * *
The kobold hits you with a +0 dagger.
* * * LOW HITPOINT WARNING * * *
You closely miss the kobold brigand. Your bite misses the kobold brigand.
The kobold brigand is heavily wounded.
The kobold brigand closely misses you. The kobold hits you with a +0 dagger.
* * * LOW HITPOINT WARNING * * *
You hit the kobold brigand but do no damage.
You punch the kobold brigand, but do no damage.
You bite the kobold brigand, but do no damage.
The kobold brigand is heavily wounded.
The kobold brigand barely misses you.
You feel yourself speed up. The kobold hits you with a +0 dagger.
* * * LOW HITPOINT WARNING * * *
The kobold brigand hits you with a +0 dagger.
* * * LOW HITPOINT WARNING * * *
You hit the kobold brigand but do no damage.
The kobold brigand is heavily wounded.
The kobold closely misses you.
You hit the kobold brigand.
The kobold brigand is heavily wounded.
The kobold brigand misses you. The kobold hits you with a +0 dagger.
* * * LOW HITPOINT WARNING * * *
You hit the kobold brigand.
The kobold brigand is severely wounded.
The kobold brigand hits you with a +0 dagger.
You die...

#### ### #..####.###
..........#####
..............###
................#
................## ####
.................#.)..#
≈.......≈≈P...≈≈@K..!.#
P≈...≈≈≈≈≈≈....≈≈K?.∩.#
≈≈P..P≈≈≈≈≈≈P.≈≈≈#....#
≈#######≈##############
≈≈≈ ≈≈≈≈≈ ≈≈≈≈ ≈≈ ≈≈
≈≈≈≈≈ ##≈≈≈


You could see a kobold brigand and a kobold.

Vanquished Creatures
  A kobold brigand (D:6)
  2 adders
  4 orcs (D:4)
  A ball python (Sewer)
  3 endoplasms (Sewer)
  2 giant cockroaches
  A hobgoblin (D:4)
  6 kobolds
  A frilled lizard (D:3)
  2 goblins
  5 rats
28 creatures vanquished.

Vanquished Creatures (others)
  A plant (D:4)
1 creature vanquished.

Grand Total: 29 creatures vanquished

Notes
Turn   | Place    | Note
-------+----------+-------------------------------------------
     0 | D:5      | Reached skill level 9 in Stealth
     0 | D:5      | MisterFreud the Gnoll Delver began the quest for the Orb.
     0 | D:5      | Reached XP level 1. HP: 23/23 MP: 1/1
     1 | D:6      | Noticed a kobold brigand
     5 | D:6      | Killed a kobold brigand
     6 | D:6      | Reached skill level 1 in Long Blades
     6 | D:6      | Reached skill level 1 in Axes
     6 | D:6      | Reached skill level 1 in Maces & Flails
     6 | D:6      | Reached skill level 1 in Polearms
     6 | D:6      | Reached skill level 1 in Staves
     6 | D:6      | Reached skill level 1 in Slings
     6 | D:6      | Reached skill level 1 in Bows
     6 | D:6      | Reached skill level 1 in Crossbows
     6 | D:6      | Reached skill level 1 in Throwing
     6 | D:6      | Reached skill level 1 in Armour
     6 | D:6      | Reached skill level 1 in Shields
     6 | D:6      | Reached skill level 1 in Unarmed Combat
     6 | D:6      | Reached skill level 1 in Spellcasting
     6 | D:6      | Reached skill level 1 in Invocations
     6 | D:6      | Reached skill level 1 in Evocations
     6 | D:6      | Reached XP level 2. HP: 29/29 MP: 1/3
     6 | D:6      | Reached XP level 3. HP: 35/35 MP: 1/4
     6 | D:6      | Reached XP level 4. HP: 41/41 MP: 1/5
    88 | D:5      | Noticed a scorpion
   105 | D:5      | Found a stormy altar of Qazlal.
   672 | D:4      | Reached skill level 1 in Conjurations
   672 | D:4      | Reached skill level 1 in Hexes
   672 | D:4      | Reached skill level 1 in Summonings
   672 | D:4      | Reached skill level 1 in Necromancy
   672 | D:4      | Reached skill level 1 in Translocations
   672 | D:4      | Reached skill level 1 in Transmutations
   672 | D:4      | Reached skill level 1 in Fire Magic
   672 | D:4      | Reached skill level 1 in Ice Magic
   672 | D:4      | Reached skill level 1 in Air Magic
   672 | D:4      | Reached skill level 1 in Earth Magic
   672 | D:4      | Reached skill level 1 in Poison Magic
   930 | D:3      | Noticed an ogre
   933 | D:3      | Noticed Terence
   952 | D:4      | Found a glowing drain.
   962 | Sewer    | Entered a sewer
  1055 | Sewer    | Noticed a kobold brigand
  1084 | Sewer    | Slain by a kobold brigand

Illustrated notes

Levels and vault maps discovered:
D:3:      kennysheep_big_flooded_room, layout_basic, grunt_decor_arrowhead,
          uniq_terence
D:4:      cheibrodos_old_hovel, layout_loops_cross, temple_green,
          cheibrodos_sewer_entry_drain, minmay_misc_feat_alley
D:5:      cheibrodos_helix_gallery, layout_loops_ring,
          nicolae_qazlal_eye_of_the_storm, ebering_ghost_disaster_area,
          chequers_serial_rivers_micro_a
D:6:      layout_loops_ring, lemuel_blue_sif_altar,
          mainiacjoe_overflow_concentric_impassable, kennysheep_pointless_box,
          minmay_between
Sewer:    kennysheep_pipe_town

Skill      XL: |  1  2  3  4 |
---------------+-------------+-----
Stealth        | |  9.6
Long Blades    | 1 |  1.3
Axes           | 1 |  1.3
Maces & Flails | 1 |  1.3
Polearms       | 1 |  1.3
Staves         | 1 |  1.3
Slings         | 1 |  1.3
Bows           | 1 |  1.3
Crossbows      | 1 |  1.3
Throwing       | 1 |  1.3
Armour         | 1 |  1.3
Shields        | 1 |  1.3
Unarmed Combat | 1 |  1.3
Spellcasting   | 1 |  1.3
Invocations    | 1 |  1.4
Evocations     | 1 |  1.3
Conjurations   | 1 |  1.0
Hexes          | 1 |  1.0
Summonings     | 1 |  1.0
Necromancy     | 1 |  1.0
Translocations | 1 |  1.0
Transmutations | 1 |  1.0
Fire Magic     | 1 |  1.0
Ice Magic      | 1 |  1.0
Air Magic      | 1 |  1.0
Earth Magic    | 1 |  1.0
Poison Magic   | 1 |  1.0
Fighting       | |  6.6
Short Blades   | |  4.7
Dodging        | |  4.7

Action                   |  1- 3 |  4- 6 || total
-------------------------+-------+-------++-------
Melee: Short sword       |     2 |   115 ||   117
       Bite              |       |     9 ||     9
       Punch             |       |     1 ||     1
  Use: Potion            |       |     2 ||     2
       Scroll            |       |     1 ||     1
 Stab: Sleeping          |     2 |     7 ||     9
Armor: Leather armour    |       |    22 ||    22
Dodge: Dodged            |       |    70 ||    70
